 Dungeon Crawl Stone Soup version 0.26-a0-1184-g95e395e029 (webtiles) character file.

Game seed: 1062692573438870861

24920 ruwin the Destroyer (level 12, -11/150 HPs)
             Began as a Demigod Conjurer on Dec 15, 2020.
             Mangled by a stone giant (39 damage)
             ... on level 1 of the Orcish Mines on Dec 28, 2020.
             The game lasted 01:33:37 (18390 turns).

ruwin the Destroyer (Demigod Conjurer)             Turns: 18390, Time: 01:33:37

Health: -11/150    AC: 18    Str: 12    XL:     12   Next: 49%
Magic:  10/29      EV: 16    Int: 28    God:
Gold:   879        SH:  0    Dex: 14    Spells: 9/29 levels left

rFire    + . .     SeeInvis .   a - +2 whip (venom)
rCold    . . .     Faith    .   (no shield)
rNeg     . . .     Spirit   .   v - +2 leather armour {rF+}
rPois    .         Reflect  .   d - +1 helmet
rElec    .         Harm     .   R - +1 cloak
rCorr    .         Rampage  .   w - +2 pair of gloves
Will     +....                  E - +0 pair of boots
Stlth    ..........             r - amulet of regeneration
HPRegen  0.75/turn              g - ring of stealth
MPRegen  0.21/turn              y - +4 ring of protection

@: berserking, very quick
A: high mp 1
a: no special abilities


You were on level 1 of the Orcish Mines.
You visited 3 branches of the dungeon, and saw 14 of its levels.

You collected 879 gold pieces.

Inventory:

Hand Weapons
 a - a +2 whip of venom (weapon)
 h - a +4 dire flail of venom
Missiles
 e - 82 poisoned darts (quivered)
 k - 254 arrows
 u - 3 atropa-tipped darts
Armour
 d - a +1 helmet (worn)
 v - a +2 leather armour of fire resistance (worn)
 w - a +2 pair of gloves (worn)
 E - a +0 pair of boots (worn)
 I - cursed +1 swamp dragon scales
 N - a +2 robe of cold resistance
 R - a +1 cloak (worn)
Magical Staves
 O - an uncursed staff of cold
Jewellery
 b - an uncursed ring of willpower
 g - a ring of stealth (left hand)
 n - an uncursed ring of resist corrosion
 r - an amulet of regeneration (around neck)
 y - a +4 ring of protection (right hand)
 B - an uncursed amulet of guardian spirit
 D - an uncursed ring of ice
 J - an uncursed ring of protection from cold
Wands
 f - a wand of paralysis (4)
 s - a wand of random effects (7)
 z - a wand of iceblast (18)
 P - a wand of disintegration (9)
Scrolls
 c - 8 scrolls of teleportation
 m - 7 scrolls of remove curse
 p - 3 scrolls of enchant weapon
Potions
 i - 2 potions of berserk rage
 j - 5 potions of curing
 l - a potion of lignification {unknown}
 q - 2 potions of attraction
 A - a potion of resistance
 G - a potion of cancellation {unknown}
 M - a potion of flight {unknown}


   Skills:
 + Level 7.1 Fighting
 - Level 5.0 Armour
 - Level 8.3 Dodging
 + Level 6.2 Stealth
 + Level 9.3 Spellcasting
 + Level 10.6 Conjurations
 - Level 2.2 Summonings
 - Level 6.4 Translocations


You had 9 spell levels left.
You knew the following spells:

 Your Spells              Type           Power        Failure   Level
a - Magic Dart            Conj           100%         1%          1
b - Searing Ray           Conj           100%         1%          2
c - Dazzling Flash        Conj/Hex       84%          1%          3
d - Fulminant Prism       Conj/Hex       21%          6%          4
e - Iskenderun's Mystic   Conj/Tloc      57%          1%          4
f - Summon Small Mammal   Summ           100%         2%          1
g - Stone Arrow           Conj/Erth      84%          1%          3
h - Passwall              Tmut/Erth      10%          9%          2

Your spell library contained the following spells:

 Spells                   Type           Power        Failure   Level
 Foxfire                  Conj/Fire      100%         1%          1
 Beastly Appendage        Tmut           26%          5%          1
 Sandblast                Erth           26%          5%          1
 Sting                    Tmut/Pois      52%          5%          1
 Petrify                  Tmut/Erth      13%          47%         4
 Lee's Rapid Deconstruct  Erth           6%           83%         5


Dungeon Overview and Level Annotations

Branches:
Dungeon (11/15)            Temple (0/1) D:7            Lair (2/6) D:11
 Spider (0/4) Lair:2          Orc (1/2) D:11
  Swamp: Lair:2-4    Shoals: Lair:2-4

Annotations:
D:3 1 runed translucent door, exclusion: door, Crazy Yiuf
D:4 Dowan, Duvessa
D:6 2 transporters, Dazliare's ghost, novice OpCK
Lair:2 exclusion: oklob plant


Innate Abilities, Weirdness & Mutations

You have an increased reservoir of magic. (+10% MP)


Message History

You erupt in a blast of force!
The mystic blast hits the stone giant but does no damage.
The stone giant is lightly wounded.
The stone giant hits you!
* * * LOW HITPOINT WARNING * * *
You feel much better. The stone giant hits you!
A red film seems to cover your vision as you go berserk!
You feel yourself moving faster!
You feel mighty! The stone giant hits you!!
* * * LOW HITPOINT WARNING * * *
You whack the stone giant!
The stone giant is poisoned.
The stone giant is moderately wounded.
The stone giant hits you but does no damage.
You whack the stone giant!
The stone giant looks as sick as possible!
The stone giant is moderately wounded.
You whack the stone giant!
The stone giant looks as sick as possible!
The stone giant is heavily wounded.
The stone giant hits you!!!
You die...

#.....#.## ##.....## ##.....##
##### ##.......# ##.#.## #####
##.#...#..## #.....###.#.##
#.....##...# ####..#..##.....#
##....###.####.#...#.........# #
#...## #####...#..##..#....##
####..## ##.##.@#...........###
.#.#...####...#..C..........#..##
........##.....#.......#........#
#..>...###......................#
........##.........#...........##
#..##..##..)..................##
.....####..#.#.................#
......##...##..................##
.....>.)[.#.#.......).).........#


You could see a stone giant (extremely poisoned).

Vanquished Creatures
  An orc warlord (Orc:1)
  Fannar (D:11)
  A hydra (Lair:1)
  3 two-headed ogres
  3 orc knights (Orc:1)
  An orc sorcerer (Orc:1)
  A black mamba (Lair:2)
  4 elephants (Lair:2)
  Maurice (D:11)
  5 cane toads
  Maggie (Lair:2)
  A rime drake (Lair:1)
  6 komodo dragons
  2 jumping spiders (Lair:2)
  A polar bear (Lair:2)
  2 trolls
  8 blink frogs (Lair:1)
  2 redbacks (Lair:2)
  A wyvern (D:5)
  8 yaks
  5 wargs
  12 water moccasins
  19 orc warriors
  An ice beast (D:6)
  A sky beast (D:6)
  3 black bears
  A wolf (Lair:1)
  7 centaurs
  3 ogres
  2 phantoms
  2 necrophages
  4 big kobolds
  14 bullfrogs
  A wyvern zombie (D:9)
  4 scorpions
  A wyvern skeleton (D:11)
  16 wights
  5 howler monkeys
  2 bullfrog zombies (D:11)
  2 quasits
  A hound (D:6)
  A centaur zombie (D:8)
  3 jellies
  3 orc priests
  13 orc wizards
  A centaur skeleton (D:6)
  An iron imp (D:9)
  2 bullfrog skeletons (D:9)
  3 iguanas
  6 worker ants
  2 hound zombies
  2 hound skeletons
  Robin (D:3)
  A howler monkey zombie (D:5)
  2 worker ant zombies
  11 adders
  6 gnolls
  2 shadow imps
  5 white imps
  3 ufetubi
  An ooze (D:1)
  An adder skeleton (D:10)
  3 worms
  5 leopard geckos
  27 orcs
  6 giant cockroaches
  14 goblins
  9 hobgoblins
  4 jackals (D:3)
  23 kobolds
  4 quokkas
  3 ball pythons
  7 bats
  4 frilled lizards
  A giant cockroach zombie (D:6)
  A goblin skeleton (D:9)
  3 hobgoblin zombies (D:9)
  A kobold skeleton (D:9)
  An orc zombie (D:9)
  2 quokka skeletons
  6 rats
353 creatures vanquished.

Vanquished Creatures (others)
  A frilled lizard (D:3)
  18 fulminant prisms
  52 fungi
  66 plants
137 creatures vanquished.

Grand Total: 490 creatures vanquished

Notes
Turn   | Place    | Note
-------+----------+-------------------------------------------
     0 | D:1      | ruwin the Demigod Conjurer began the quest for the Orb.
     0 | D:1      | Reached XP level 1. HP: 14/14 MP: 5/5
   609 | D:1      | Reached XP level 2. HP: 16/20 MP: 1/7
   612 | D:1      | Learned a level 2 spell: Searing Ray
  1083 | D:2      | Reached skill level 1 in Armour
  1150 | D:2      | Found a shimmering altar of Xom.
  1299 | D:2      | Found an ornate altar of the Wu Jian Council.
  1383 | D:2      | Reached XP level 3. HP: 26/26 MP: 5/8
  2157 | D:3      | Found a white marble altar of Elyvilon.
  2221 | D:3      | Reached skill level 4 in Conjurations
  2246 | D:3      | Noticed Robin
  2277 | D:3      | Reached skill level 5 in Conjurations
  2277 | D:3      | Reached XP level 4. HP: 40/40 MP: 10/13
  2282 | D:3      | Learned a level 3 spell: Dazzling Flash
  2360 | D:3      | Killed Robin
  2476 | D:3      | Reached XP level 5. HP: 34/46 MP: 7/14
  2663 | D:3      | Found a bloodstained altar of Trog.
  2809 | D:3      | Noticed a +0 dagger
  2809 | D:3      | Noticed a +0 hand axe
  2811 | D:3      | Found a hide-covered altar of Uskayaw.
  3060 | D:3      | Reached skill level 5 in Dodging
  3206 | D:3      | Found a faded altar of an unknown god.
  3312 | D:3      | Found a runed translucent door.
  3313 | D:3      | Noticed Crazy Yiuf
  3533 | D:3      | Reached skill level 6 in Conjurations
  3730 | D:4      | Noticed Duvessa
  3730 | D:4      | Noticed Dowan
  3799 | D:5      | Entered Level 5 of the Dungeon
  4064 | D:5      | Reached XP level 6. HP: 52/52 MP: 13/16
  4243 | D:5      | Noticed a wyvern
  4249 | D:5      | Killed a wyvern
  4484 | D:5      | Reached XP level 7. HP: 59/59 MP: 9/17
  4845 | D:5      | Reached skill level 5 in Armour
  4845 | D:5      | Reached skill level 5 in Spellcasting
  4913 | D:5      | Learned a level 4 spell: Fulminant Prism
  4918 | D:5      | Learned a level 4 spell: Iskenderun's Mystic Blast
  5333 | D:6      | Reached skill level 1 in Translocations
  5805 | D:6      | Reached XP level 8. HP: 65/66 MP: 19/19
  5836 | D:6      | Noticed a troll
  5844 | D:6      | Killed a troll
  6021 | D:6      | Found a transporter.
  6022 | D:6      | Found a transporter.
  6023 | D:6      | Noticed Dazliare's ghost (novice OpCK)
  6026 | D:6      | Identified the +0 great mace of Collusion {flame, *Noise
                  | rElec rN+ SInv}
  6417 | D:7      | Found a stormy altar of Qazlal.
  6606 | D:7      | Found a staircase to the Ecumenical Temple.
  6616 | D:7      | Got a ripped robe
  6628 | D:7      | Identified the +0 robe of Polytheism {rElec rF- rN++
                  | Stlth+} (You found it on level 7 of the Dungeon)
  6669 | D:7      | Reached skill level 7 in Conjurations
  7211 | D:7      | Found a burning altar of Makhleb.
  7378 | D:8      | Noticed a two-headed ogre
  7750 | D:8      | Reached XP level 9. HP: 71/71 MP: 13/21
  8086 | D:8      | Killed a two-headed ogre
  8247 | D:8      | Found a snail-covered altar of Cheibriados.
  8297 | D:8      | Noticed a two-headed ogre
  8319 | D:8      | Killed a two-headed ogre
  8934 | D:9      | Identified Witchcraft for Beginners
  8977 | D:9      | Learned a level 1 spell: Summon Small Mammal
  9192 | D:9      | Noticed a two-headed ogre
  9198 | D:9      | Killed a two-headed ogre
  9199 | D:9      | Reached skill level 8 in Conjurations
  9199 | D:9      | Reached XP level 10. HP: 78/78 MP: 13/24
  9587 | D:9      | Noticed a cyclops
  9603 | D:9      | Found a glowing golden altar of the Shining One.
  9715 | D:9      | Noticed a five-headed hydra
  9768 | D:10     | Entered Level 10 of the Dungeon
  9832 | D:10     | Reached skill level 5 in Translocations
 10841 | D:11     | Noticed Fannar
 11336 | D:11     | Found a staircase to the Lair.
 11346 | Lair:1   | Entered Level 1 of the Lair of Beasts
 11385 | Lair:1   | Reached skill level 1 in Summonings
 11746 | Lair:1   | Reached XP level 11. HP: 84/84 MP: 17/26
 11968 | Lair:1   | Reached skill level 9 in Conjurations
 12031 | Lair:1   | Noticed a six-headed hydra
 12054 | Lair:1   | Killed a six-headed hydra
 12124 | Lair:1   | Learned a level 3 spell: Stone Arrow
 12127 | Lair:1   | Learned a level 2 spell: Passwall
 12785 | Lair:2   | Upgraded the game from 0.26-a0-1102-g347fe5baa7 to
                  | 0.26-a0-1107-g6118521029
 13141 | Lair:2   | Noticed Maggie
 13471 | Lair:2   | Reached skill level 5 in Fighting
 13752 | Lair:2   | Upgraded the game from 0.26-a0-1107-g6118521029 to
                  | 0.26-a0-1126-g3318b609a0
 13752 | Lair:2   | Upgraded the game from 0.26-a0-1126-g3318b609a0 to
                  | 0.26-a0-1129-gc5df7fbe6a
 13752 | Lair:2   | Upgraded the game from 0.26-a0-1129-gc5df7fbe6a to
                  | 0.26-a0-1132-ge9770dfcb6
 14084 | Lair:2   | Found a hole to the Spider Nest.
 14347 | Lair:2   | Killed Maggie
 14804 | Lair:2   | Upgraded the game from 0.26-a0-1132-ge9770dfcb6 to
                  | 0.26-a0-1177-g1209ec82b9
 15330 | D:11     | Killed Fannar
 15331 | D:11     | Reached skill level 10 in Conjurations
 15715 | D:11     | Reached XP level 12. HP: 96/96 MP: 24/29
 15931 | D:11     | Noticed Maurice
 15954 | D:11     | Killed Maurice
 16275 | D:11     | Reached skill level 5 in Stealth
 16482 | D:11     | Found a staircase to the Orcish Mines.
 16497 | Orc:1    | Entered Level 1 of the Orcish Mines
 16815 | Orc:1    | Noticed an orc warlord
 16911 | Orc:1    | Killed an orc warlord
 17368 | D:11     | Upgraded the game from 0.26-a0-1177-g1209ec82b9 to
                  | 0.26-a0-1184-g95e395e029
 17490 | Orc:1    | Noticed a stone giant
 18390 | Orc:1    | Mangled by a stone giant

Illustrated notes

Levels and vault maps discovered:
D:1:      onia_arrival_mini_spirals, layout_loops_ring
D:2:      layout_loops_ring, general_overflow_altar, xom_butterflies
D:3:      layout_basic, dancing_weapons_uskayaw, elyvilon_altar_4,
          old_standard_altar, chequers_ecumenical_altar_grove,
          minmay_quadrilaterals, uniq_robin, uniq_crazy_yiuf_cottage
D:4:      layout_loops_cross, grunt_temple_overflow_growth_and_decay,
          fiery_altar_vehumet, nicolae_overflow_hidden_temple,
          gammafunk_ghost_icy, uniq_menkaure, uniq_edmund, uniq_duvessa
D:5:      layout_basic
D:6:      layout_loops_ring, gammafunk_ghost_smash
D:7:      layout_rooms, grunt_qazlal_clouds, makhleb_blood_cavern_becter,
          minmay_temple_entry_trees
D:8:      layout_basic, nicolae_overflow_crystal_walls
D:9:      minmay_the_grid_four_pointed_star
          [minmay_the_grid_triangle_9x9_from_above,
          minmay_the_grid_triangle_9x9_semitri,
          minmay_the_grid_triangle_9x9_cache,
          minmay_the_grid_triangle_9x9_corruption,
          minmay_the_grid_prize_trominoes], layout_small_grid,
          nicolae_tso_besieged_by_evil
D:10:     layout_loops_ring
D:11:     layout_basic, due_lair_maze_entry_diamond,
          minmay_orc_entry_guard_dogs, uniq_fannar, uniq_maurice
Lair:1:   lemuel_reptile_caves, layout_regular_city, lemuel_fruit_tree
Lair:2:   dpeg_oklob_gauntlet, layout_cave_pods, spider_nest_entry_funnel_web,
          st_stairs_6, minivault_11, beast_lair_carwin_11, uniq_maggie
Orc:1:    orc_temple, layout_caves, serial_shops, shop, rock_pile, uniq_erica

Skill      XL: |  1  2  3  4  5  6  7  8  9 10 11 12 |
---------------+-------------------------------------+-----
Dodging        | 2 4 5 6 7 8 |  8.3
Spellcasting   | 2 4 5 6 7 8 9 |  9.3
Armour         | 1 4 5 |  5.0
Conjurations   | 5 6 7 8 10 | 10.6
Fighting       | 4 6 7 |  7.1
Translocations | 1 3 4 5 6 |  6.4
Summonings     | 1 2 |  2.2
Stealth        | 4 6 |  6.2

Action                   |  1- 3 |  4- 6 |  7- 9 | 10-12 || total
-------------------------+-------+-------+-------+-------++-------
Melee: Unarmed           |    19 |       |       |       ||    19
       Whip              |       |    33 |    42 |    29 ||   104
 Fire: Hunting sling     |     1 |       |       |       ||     1
Throw: Stone             |     1 |       |       |       ||     1
 Cast: Magic Dart        |    59 |    44 |    59 |   157 ||   319
       Searing Ray       |     5 |    21 |    69 |   145 ||   240
       Iskenderun's Myst |       |       |    13 |    71 ||    84
       Fulminant Prism   |       |       |       |    18 ||    18
       Stone Arrow       |       |       |       |    20 ||    20
       Dazzling Flash    |       |       |       |     5 ||     5
       Summon Small Mamm |       |       |       |     1 ||     1
       Passwall          |       |       |       |     1 ||     1
Evoke: Wand              |       |       |     1 |    12 ||    13
  Use: Scroll            |     4 |       |    10 |    18 ||    32
       Potion            |     1 |       |     1 |     4 ||     6
 Stab: Sleeping          |       |       |     3 |       ||     3
       Distracted        |       |       |       |     1 ||     1
Armor: Robe              |    10 |     5 |       |       ||    15
       Leather armour    |       |     9 |     7 |    44 ||    60
       Troll leather arm |       |       |     9 |    26 ||    35
Dodge: Dodged            |    23 |    32 |    62 |   145 ||   262

Table legend: (Time is in decaauts)
 A = Elapsed time spent in this place.
 B = Non-inter-level travel time spent in this place.
 C = Inter-level travel time spent in this place.
 D = Time resting spent in this place.
 E = Time spent auto-exploring this place.
 F = Levels seen in this place.
 G = Mean time per level.
                   A        B        C        D        E       F      G
               +--------+--------+--------+--------+--------+-----+--------+
         Total |  18408 |  18005 |    403 |   7812 |   6312 |  14 | 1314.9 |
       Dungeon |  12807 |  12564 |    243 |   4923 |   5390 |  11 | 1164.3 |
          Lair |   3812 |   3652 |    160 |   1844 |    661 |   2 | 1906.0 |
  Orcish Mines |   1788 |   1788 |      0 |   1045 |    261 |   1 | 1788.0 |
               +--------+--------+--------+--------+--------+-----+--------+

Top non-repeatable levels by time:
    D:11: 2653 daAuts
  Lair:2: 2411 daAuts
     D:3: 1855 daAuts
   Orc:1: 1788 daAuts
  Lair:1: 1400 daAuts
     D:8: 1352 daAuts
     D:6: 1290 daAuts
     D:7: 1198 daAuts
     D:5: 1141 daAuts
     D:9: 997 daAuts
     D:2: 965 daAuts
     D:1: 958 daAuts
    D:10: 373 daAuts
     D:4: 20 daAuts
